AoeStats
← zenNation

Black Forest

505419422Analyzed
1v1 RM · 24d ago on Sep 9, 2026· 29m 3s· 2 players
Game mode
Random Map
Map size
Tiny (2 player)
Population
200
Speed
Normal
Resources
Standard
Victory
Conquest
Starting age
Dark Age
Ending age
Imperial Age
RankedLock teamsTeams togetherTeam positionsShared explorationLock speedFull tech treeHidden civsTurbo modeCheats
Victory
Defeat
🇦🇷 Lithuanians · Argentina
784
+16
🇦🇺 Koreans · Australia
787
-16
DANY LUGA
7:01 Loom
11:31 Feudal Age
18:00 Castle Age
16:08 Double-Bit Axe
16:47 Horse Collar
17:32 Stone Mining
20:45 Gold Mining
zenNation
3:39 Loom
12:55 Feudal Age
13:38 Town Watch
14:48 Horse Collar
14:56 Double-Bit Axe
17:44 Wheelbarrow
20:58 Man-at-Arms
24:14 Castle Age
Connection lost

Rejoining the realm…

Still unreachable

The connection could not be restored.

Session expired

The server has moved on; the page needs a fresh start.